 Dungeon Crawl Stone Soup version 0.31.0-12-g77e489cdc1 (webtiles) character file.

Game seed: 16782054602628322360

120 Doomgape the Ruffian (level 4, 0/34 HPs)
             Began as a Demonspawn Shapeshifter on Feb 18, 2024.
             Was an Initiate of Okawaru.
             Slain by an iguana (12 damage)
             ... on level 4 of the Dungeon.
             The game lasted 00:10:41 (2369 turns).

Doomgape the Ruffian (Demonspawn Shapeshifter)      Turns: 2369, Time: 00:10:41

Health: 0/34       AC:  3    Str: 17    XL:     4   Next: 75%
Magic:  4/4        EV: 12    Int: 10    God:    Okawaru [......]
Gold:   119        SH:  0    Dex: 12    Spells: 3/3 levels left

rFire   . .          .
                       - Unarmed
rCold   . . .        (no shield)
rNeg    . . .        k - +0 leather armour
rPois   .            (helmet currently unavailable)
rElec   .            (cloak currently unavailable)
rCorr   .            (gloves currently unavailable)
SInv    .            (boots currently unavailable)
Will    .....        (no amulet)
Stlth   +            (no ring)
HPRegen 0.25/turn    (no ring)
MPRegen 0.09/turn

%: no passive effects
@: beast-form
A: beast (slay +1), claws 1, sturdy frame 2
a: Begin Untransformation, Renounce Religion


You were on level 4 of the Dungeon.
You worshipped Okawaru.
Okawaru was noncommittal.
You were a hulking beast.
You visited 2 branches of the dungeon, and saw 4 of its levels.

You collected 119 gold pieces.

Inventory:

Missiles
 n - 4 javelins (quivered)
Armour
 k - a +0 leather armour (worn)
Talismans
 a - a maw talisman
 c - a beast talisman
 d - a flux talisman
Scrolls
 e - 4 scrolls of identify
 f - a scroll of blinking
 h - a scroll of immolation
 m - a scroll of teleportation
Potions
 b - a potion of lignification
 g - 2 potions of haste
 i - 3 potions of brilliance {unknown}
 j - 2 potions of curing
 l - a potion of resistance {unknown}


   Skills:
 + Level 2.7 Fighting
 - Level 1.7 Dodging
 + Level 3.6 Unarmed Combat
 + Level 3.4 Shapeshifting


You had 3 spell levels left.
You didn't know any spells.
Your spell library contained the following spells:

 Spells                   Type           Power      Damage    Failure   Level
 Borgnjor's Revivificati  Necr           0%         N/A       100%        8
 Death's Door             Necr           0%         N/A       100%        9
 Haunt                    Necr/Summ      Unusable   N/A       N/A         7

Dungeon Overview and Level Annotations

Branches:
Dungeon (4/15)             Temple (1/1) D:4

Altars:
Ashenzari
Cheibriados
Dithmenos
Gozag
Hepliaklqana
Kikubaaqudgha
Nemelex Xobeh
Okawaru
Sif Muna
Trog
Uskayaw
Yredelemnul


Innate Abilities, Weirdness & Mutations

You are a hulking beast.
Your limbs bulge with bestial killing power. (Slay +1)
You have sharp fingernails.
Your movements are less encumbered by armour. (ER -4)


Message History

Found a stone staircase leading up.
A goblin comes into view. It is wielding a +0 dagger.
The goblin hits you with a +0 dagger.
You scratch the goblin.
The goblin is heavily wounded.
The goblin hits you with a +0 dagger.
You claw the goblin!
You kill the goblin!
Okawaru accepts your kill.
No target in view!
You start resting.
HP restored.
Things that are here:
a +0 dagger; a goblin corpse
Found 10 gold pieces.
You now have 119 gold pieces (gained 10).
Things that are here:
a +0 dagger; a goblin corpse
e - 4 scrolls of identify (gained 2)
Found a stone staircase leading down.
You open the door.
There is an open door here.
An iguana comes into view.
Found a stone staircase leading down.
The iguana hisses angrily.
The iguana bites you.
You barely miss the iguana. The iguana barely misses you.
You scratch the iguana.
The iguana is lightly wounded.
The iguana closely misses you.
You closely miss the iguana.
The iguana is lightly wounded.
The iguana bites you!
You scratch the iguana.
The iguana is heavily wounded.
The iguana bites you!
You scratch the iguana but do no damage.
The iguana is heavily wounded.
The iguana bites you!
You die...

###.###...........## #.#
#........######.## #.#
#..##.#### #.# #.# #..##.# #.#
#.# #..##)# ##+## ##.# #...#.#
##...## #..# #.#.#.# ##.....##
###.## #.#.#.## ##.......##
##.#.#
#.#....####...lh....####....####
#.........+>........'...........
###....####.........####...<####
#.#.## ##.......## ##.#.# #.###
##.....## ###.## #.# ##...##
#...# #.# ##+## #.#.# #.#
#######.# #.>.#
####.#####....##.# ##.##


You could see an iguana.

Vanquished Creatures
  An iguana (D:4)
  5 adders
  A ribbon worm (D:4)
  3 ball pythons
  2 bats
  3 endoplasms (D:1)
  A giant cockroach (D:2)
  4 goblins
  9 hobgoblins
  3 jackals (D:4)
  A quokka (D:4)
  A frilled lizard (D:1)
  3 kobolds
  6 rats
43 creatures vanquished.

Notes
Turn   | Place    | Note
-------+----------+-------------------------------------------
     0 | D:1      | Doomgape the Demonspawn Shapeshifter began the quest for
                  | the Orb.
     0 | D:1      | Reached XP level 1. HP: 15/15 MP: 1/1
   272 | D:1      | Gained mutation: Your movements are slightly less
                  | encumbered by armour. (ER -2) [demonic ancestry]
   272 | D:1      | Reached XP level 2. HP: 21/21 MP: 2/2
  1155 | D:2      | Gained mutation: You have sharp fingernails. [demonic
                  | ancestry]
  1155 | D:2      | Reached XP level 3. HP: 20/27 MP: 3/3
  1271 | D:2      | You fall into a shaft and drop 2 floors!
  1384 | D:4      | Gained mutation: Your movements are less encumbered by
                  | armour. (ER -4) [demonic ancestry]
  1384 | D:4      | Reached XP level 4. HP: 18/34 MP: 4/4
  1614 | D:4      | Found a staircase to the Ecumenical Temple.
  1623 | Temple   | Entered the Ecumenical Temple
  1623 | Temple   | Noticed a ynoxinul
  1623 | Temple   | Noticed a sun demon
  1624 | Temple   | Noticed Iptahat the pandemonium lord
  1624 | Temple   | Noticed Zif Laz the pandemonium lord
  1624 | Temple   | Noticed a hellion
  1625 | Temple   | Noticed a chaos spawn
  1625 | Temple   | Noticed a Brimstone Fiend
  1627 | Temple   | Noticed a blizzard demon
  1627 | Temple   | Noticed a Brimstone Fiend
  1628 | Temple   | Noticed Ninecum the pandemonium lord
  1628 | Temple   | Noticed a blizzard demon
  1628 | Temple   | Noticed Vyraopro the pandemonium lord
  1628 | Temple   | Noticed an Executioner
  1631 | Temple   | Noticed an ice devil
  1632 | Temple   | Noticed a soul eater
  1632 | Temple   | Noticed Geekhlep the pandemonium lord
  1633 | Temple   | Noticed an Executioner
  1645 | Temple   | Became a worshipper of Warmaster Okawaru
  2369 | D:4      | Slain by an iguana

Illustrated notes

Levels and vault maps discovered:
D:1:      minmay_arrival_five_plusses, layout_loops_cross, grunt_decor_cap
D:2:      layout_basic
D:4:      layout_loops_corners, lemuel_temple_firewalk_a, grunt_ministairs_3,
          serial_bayou_crossing
Temple:   nicolae_temple_panitentiary

Skill      XL: |  1  2 |
---------------+-------+-----
Unarmed Combat | 3 |  3.6
Shapeshifting  | 3 |  3.4
Fighting       | 2 |  2.7
Dodging        | |  1.7

Action                     |  1- 3 |  4- 6 || total
---------------------------+-------+-------++-------
  Melee: Unarmed           |    93 |    44 ||   137
         Punch             |     1 |     1 ||     2
    Use: Scroll            |     6 |     3 ||     9
         Potion            |     2 |       ||     2
   Stab: Sleeping          |     3 |       ||     3
 Armour: Animal skin       |    26 |       ||    26
         Leather armour    |    22 |    20 ||    42
  Dodge: Dodged            |    37 |    20 ||    57
